 Dungeon Crawl Stone Soup version 0.26.0-91-g99b343417d (webtiles) character file.

Game seed: 16609657737641592145

6963 DasRunzen the Commander (level 10, 0/77 HPs)
             Began as a Demonspawn Gladiator on Feb 3, 2021.
             Was a High Priest of Okawaru.
             Slain by a yak (3 damage)
             ... on level 1 of the Lair of Beasts.
             The game lasted 00:17:08 (10316 turns).

DasRunzen the Commander (Demonspawn Gladiator)     Turns: 10316, Time: 00:17:09

Health: 0/77       AC: 19    Str: 16    XL:     10   Next: 81%
Magic:  18/18      EV: 17    Int: 14    God:    Okawaru [*****.]
Gold:   489        SH:  0    Dex: 20    Spells: 20/20 levels left

rFire    . . .     SeeInvis .   y - +7 dire flail (pain)
rCold    + . .     Faith    .   (shield currently unavailable)
rNeg     . . .     Spirit   .   b - +0 leather armour
rPois    .         Reflect  .   c - +1 helmet
rElec    .         Harm     .   v - +0 cloak
rCorr    .         Rampage  .   (no gloves)
Will     .....     Clarity  +   (no boots)
Stlth    +.........             n - amulet of the acrobat
HPRegen  0.22/turn              E - +6 ring of dexterity
MPRegen  0.16/turn              z - ring of protection from cold

@: sanguine armour
A: hooves 2, clarity, spiny 1, strong 1, miasma immunity, sanguine armour 3
a: Renounce Religion, Heroism, Finesse


You were on level 1 of the Lair of Beasts.
You worshipped Okawaru.
Okawaru was extremely pleased with you.
You visited 2 branches of the dungeon, and saw 9 of its levels.
You also visited: Ossuary.

You collected 593 gold pieces.
You spent 104 gold pieces at shops.

Inventory:

Hand Weapons
 a - a +4 trident
 y - a +7 dire flail of pain (weapon)
Missiles
 d - 4 throwing nets (quivered)
Armour
 b - a +0 leather armour (worn)
 c - a +1 helmet (worn)
 v - a +0 cloak (worn)
Jewellery
 h - an uncursed ring of protection from fire
 l - an uncursed ring of flight
 n - an amulet of the acrobat (around neck)
 r - an uncursed ring of see invisible
 z - a ring of protection from cold (right hand)
 E - a +6 ring of dexterity (left hand)
Wands
 m - a wand of paralysis (10)
 o - a wand of iceblast (26)
 u - a wand of flame (17)
 x - a wand of random effects (41)
Scrolls
 s - 8 scrolls of teleportation
 t - 5 scrolls of remove curse
 w - a scroll of fear
 B - a scroll of fog
 F - 3 scrolls of amnesia
 G - a scroll of blinking {unknown}
Potions
 e - 5 potions of might
 f - 10 potions of curing
 g - 3 potions of berserk rage
 i - 2 potions of haste
 j - 3 potions of invisibility
 k - 2 potions of magic
 p - a potion of brilliance
 q - 4 potions of lignification
 A - a potion of heal wounds
 C - 2 potions of flight {unknown}
 D - a potion of resistance


   Skills:
 + Level 6.9 Fighting
 + Level 4.2 Maces & Flails
 + Level 6.6 Polearms
 - Level 1.7 Throwing
 + Level 5.9 Armour
 + Level 6.6 Dodging
 + Level 5.9 Spellcasting
 + Level 7.6 Invocations


You had 20 spell levels left.
You didn't know any spells.
Your spell library contained the following spells:

 Spells                   Type           Power        Failure   Level
 Animate Skeleton         Necr           8%           19%         1
 Apportation              Tloc           8%           19%         1
 Corona                   Hex            4%           19%         1
 Freeze                   Ice            16%          19%         1
 Sting                    Tmut/Pois      16%          19%         1
 Summon Small Mammal      Summ           16%          19%         1
 Poisonous Vapours        Pois/Air       8%           28%         2
 Frozen Ramparts          Ice            8%           50%         3
 Ignite Poison            Fire/Tmut/Pois 4%           50%         3
 Mephitic Cloud           Conj/Pois/Air  4%           50%         3
 Ozocubu's Armour         Ice            4%           50%         3
 Hailstorm                Conj/Ice       4%           88%         4
 Olgreb's Toxic Radiance  Pois           4%           88%         4
 Summon Ice Beast         Ice/Summ       4%           88%         4


Dungeon Overview and Level Annotations

Branches:
Dungeon (8/15)             Temple (0/1) D:4            Lair (1/6) D:8
Ossuary (visited)

Altars:
Ashenzari
Elyvilon
Makhleb
Okawaru
Qazlal
Uskayaw
Yredelemnul
Zin
The Shining One

Shops:
D:4 ?


Innate Abilities, Weirdness & Mutations

You have hoof-like feet.
You are partially covered in sharp spines.
You are immune to miasma.
When seriously injured, your bleeding wounds create very thick armour. (AC +12)
You possess an exceptional clarity of mind.
Your muscles are strong. (Str +2)


Message History

The yak gores you!
Your blood congeals into armour.
The yak gores you but does no damage. The yak gores you.
You thump the yak! Your kick misses the yak.
The yak is severely wounded.
The yak is struck by your spines. The yak gores you but does no damage.
The electric eel shoots out a bolt of lightning at you!
The bolt of electricity hits the plant!
The plant begins to die.
The bolt of electricity hits the plant!
The plant begins to die.
The bolt of electricity hits you! The yak is struck by your spines.
The yak misses you. The yak is struck by your spines. The yak misses you.
The yak gores you!
* * * LOW HITPOINT WARNING * * *
The electric eel shoots out a bolt of lightning at you!
The bolt of electricity hits the plant! x2; The bolt of electricity hits you!
* * * LOW HITPOINT WARNING * * *
The yak is struck by your spines. The yak gores you.
* * * LOW HITPOINT WARNING * * *
The yak closely misses you. The yak is struck by your spines.
The yak gores you.
You die...

.#.#. .# # ....
=. #. #.#.#.##
#.. ..$...#
≈...#.....# #
≈≈≈PP.....#P#..
≈PP≈≈.YY.....#.
P≈;PP..@.......
≈≈PPP.Y...##P..
≈≈≈.......#
≈≈≈...$...#
≈≈P≈..[...#
≈P≈≈≈.....P
PP≈≈≈.....##
≈≈P≈P.....#


You could see 3 yaks and an electric eel.

Vanquished Creatures
  A hornet (D:7)
  Grinder (D:6)
  Sigmund (D:4)
  Eustachio (D:6)
  8 yaks
  Edmund (D:5)
  4 water moccasins
  2 orc warriors
  4 sky beasts
  A black bear (D:8)
  3 ogres
  An ice beast (D:5)
  3 phantoms
  2 centaurs
  8 bullfrogs
  2 big kobolds (D:8)
  A wyvern zombie (D:8)
  A scorpion (D:8)
  A water moccasin zombie (D:7)
  8 killer bees
  3 howler monkeys (D:7)
  4 wights (D:7)
  5 bullfrog zombies (Ossuary)
  5 orc wizards
  4 jellies
  A gnoll shaman (D:7)
  4 orc priests
  Crazy Yiuf (D:4)
  6 hounds
  An iguana (D:4)
  Ijyb (D:3)
  Terence (D:3)
  2 worker ants
  A killer bee zombie (D:7)
  19 mummies (Ossuary)
  A hound skeleton (D:3)
  2 worker ant zombies (Ossuary)
  11 adders
  7 gnolls
  2 shadow imps
  2 ufetubi (D:5)
  2 oozes (D:5)
  2 adder zombies (Ossuary)
  6 worms
  4 dart slugs
  10 leopard geckos
  22 orcs
  4 ball pythons
  5 bats
  8 giant cockroaches
  7 hobgoblins
  11 jackals
  A quokka (D:5)
  2 frilled lizards
  A giant cockroach zombie (Ossuary)
  9 goblins
  4 jackal zombies
  11 kobolds
  2 quokka zombies (Ossuary)
  8 rats
256 creatures vanquished.

Vanquished Creatures (others)
  A howler monkey (D:6)
  3 kobolds (D:8)
  29 fungi (D:8)
  38 plants
  5 withered plants (Ossuary)
76 creatures vanquished.

Grand Total: 332 creatures vanquished

Notes
Turn   | Place    | Note
-------+----------+-------------------------------------------
     0 | D:1      | DasRunzen the Demonspawn Gladiator began the quest for the
                  | Orb.
     0 | D:1      | Reached XP level 1. HP: 16/16 MP: 1/1
   116 | D:1      | Gained mutation: You are immune to miasma. [demonic
                  | ancestry]
   116 | D:1      | Reached XP level 2. HP: 22/22 MP: 2/2
   693 | D:1      | Gained mutation: When seriously injured, your bleeding
                  | wounds create armour. (AC +12) [demonic ancestry]
   693 | D:1      | Reached XP level 3. HP: 24/28 MP: 4/4
  1116 | D:2      | Reached skill level 1 in Armour
  1119 | D:2      | Reached skill level 1 in Spellcasting
  1231 | D:2      | Found a glowing golden altar of the Shining One.
  1439 | D:2      | Found a faded altar of an unknown god.
  1885 | D:3      | Noticed Ijyb
  1895 | D:3      | Killed Ijyb
  1896 | D:3      | Gained mutation: When seriously injured, your bleeding
                  | wounds create thick armour. (AC +12) [demonic ancestry]
  1896 | D:3      | Reached XP level 4. HP: 27/34 MP: 4/6
  1911 | D:3      | Noticed Terence
  1942 | D:3      | Killed Terence
  2030 | D:3      | Gained mutation: You are partially covered in sharp spines.
                  | [demonic ancestry]
  2030 | D:3      | Reached XP level 5. HP: 37/40 MP: 7/7
  2828 | D:4      | Found Xomiof's Magic Scroll Shoppe.
  2994 | D:4      | Reached XP level 6. HP: 42/47 MP: 9/9
  3037 | D:4      | Bought a scroll of enchant weapon for 82 gold pieces
  3037 | D:4      | Bought a scroll of identify for 22 gold pieces
  3064 | D:4      | Found an iron altar of Okawaru.
  3105 | D:4      | Became a worshipper of Warmaster Okawaru
  3110 | D:4      | Found a white marble altar of Elyvilon.
  3126 | D:4      | Noticed Sigmund
  3142 | D:4      | Killed Sigmund
  3143 | D:4      | Reached skill level 1 in Invocations
  3259 | D:4      | Found a runed translucent door.
  3260 | D:4      | Noticed Crazy Yiuf
  3269 | D:4      | Killed Crazy Yiuf
  3432 | D:4      | Gained mutation: You have large cloven feet. [demonic
                  | ancestry]
  3432 | D:4      | Reached XP level 7. HP: 46/53 MP: 10/10
  3490 | D:4      | Reached skill level 2 in Invocations
  3493 | D:4      | Reached * piety under Okawaru
  4152 | D:4      | Found a staircase to the Ecumenical Temple.
  4191 | D:5      | Entered Level 5 of the Dungeon
  4305 | D:5      | Found a stormy altar of Qazlal.
  4338 | D:5      | Reached skill level 3 in Invocations
  4510 | D:5      | Reached ** piety under Okawaru
  4672 | D:5      | Gained mutation: You have hoof-like feet. [demonic
                  | ancestry]
  4672 | D:5      | Reached XP level 8. HP: 53/61 MP: 12/12
  4840 | D:5      | Found a broken altar of Ashenzari.
  4885 | D:5      | Noticed Edmund
  4899 | D:5      | Killed Edmund
  4900 | D:5      | Reached skill level 4 in Invocations
  5377 | D:5      | Reached skill level 5 in Dodging
  5384 | D:5      | Reached *** piety under Okawaru
  5385 | D:5      | Reached skill level 5 in Fighting
  5385 | D:5      | Reached skill level 1 in Maces & Flails
  5385 | D:5      | Reached skill level 5 in Polearms
  5388 | D:5      | HP: 3/62 [yak (11)]
  5389 | D:5      | HP: 1/62 [yak (3)]
  5402 | D:5      | Reached skill level 5 in Invocations
  5402 | D:5      | Reached XP level 9. HP: 16/68 MP: 15/15
  5807 | D:6      | Noticed Grinder
  5832 | D:6      | Killed Grinder
  5832 | D:6      | Reached **** piety under Okawaru
  6003 | D:6      | Noticed Eustachio
  6164 | D:6      | Killed Eustachio
  6278 | D:6      | Found a glowing silver altar of Zin.
  7186 | D:6      | Gained mutation: Your muscles are strong. (Str +2) [potion
                  | of mutation]
  7186 | D:6      | Gained mutation: You possess an exceptional clarity of
                  | mind. [potion of mutation]
  7300 | D:7      | Reached skill level 6 in Invocations
  7327 | D:7      | Found a hide-covered altar of Uskayaw.
  7339 | D:7      | Reached skill level 5 in Armour
  7387 | D:7      | Reached skill level 5 in Spellcasting
  7447 | D:7      | Found a sand-covered staircase.
  7454 | Ossuary  | Entered an ossuary
  7500 | Ossuary  | Received a gift from Okawaru
  7699 | Ossuary  | Gained mutation: When seriously injured, your bleeding
                  | wounds create very thick armour. (AC +12) [demonic
                  | ancestry]
  7699 | Ossuary  | Reached XP level 10. HP: 76/76 MP: 17/17
  8518 | D:7      | Reached ***** piety under Okawaru
  8767 | D:7      | Found a burning altar of Makhleb.
  9073 | D:8      | Reached skill level 7 in Invocations
  9234 | D:8      | Found a hide-covered altar of Uskayaw.
  9706 | D:8      | Found a staircase to the Lair.
  9805 | D:8      | Found a burning altar of Makhleb.
  9835 | D:8      | Found a basalt altar of Yredelemnul.
 10192 | Lair:1   | Entered Level 1 of the Lair of Beasts
 10316 | Lair:1   | HP: 3/77 [yak (6)]
 10316 | Lair:1   | Slain by a yak

Illustrated notes

Levels and vault maps discovered:
D:1:      eino_arrival_water_cross, layout_loops_ring, grunt_decor_fettered
D:2:      kennysheep_big_flooded_room, layout_loops_ring, tso_altar,
          chequers_ecumenical_altar_simple_redux, kennysheep_cluttered_room
D:3:      minmay_evil_eye, layout_rooms, uniq_terence, uniq_ijyb
D:4:      kb_forest_paths, layout_loops_ring, okawaru_metal_pillars_1_2,
          elyvilon_altar_4, temple_hall_moat, serial_shops, shop_coins,
          uniq_crazy_yiuf_cottage, uniq_sigmund
D:5:      layout_loops_ring, nicolae_qazlal_general_emergency, basic_altar,
          uniq_edmund
D:6:      minmay_chambers_of_threes, layout_layer_cave, basic_altar,
          grunt_ministairs_12, uniq_eustachio, uniq_grinder
D:7:      corexii_shack_village, layout_basic, kennysheep_mini, basic_altar,
          chequers_ossuary_entry_cave
D:8:      layout_gridville, eat_drink_and_be_merry_uskayaw,
          nicolae_overflow_crystal_walls, due_lair_maze_entry_diamond,
          bloody_makhleb
Lair:1:   layout_concentric_octagons, st_stairs_8, lemuel_old_faithful,
          lemuel_fruit_tree, serial_bayou_shore_a

Skill      XL: |  1  2  3  4  5  6  7  8  9 10 |
---------------+-------------------------------+-----
Polearms       | 3 4 5 6 |  6.6
Dodging        | 3 4 5 6 |  6.6
Armour         | 1 2 3 4 5 |  5.9
Spellcasting   | 1 2 3 4 5 |  5.9
Fighting       | 3 4 5 6 |  6.9
Invocations    | 1 3 5 6 7 |  7.6
Maces & Flails | 1 3 4 |  4.2
Throwing       | |  1.7

Action                   |  1- 3 |  4- 6 |  7- 9 | 10-12 || total
-------------------------+-------+-------+-------+-------++-------
Melee: Trident           |   129 |   134 |   220 |       ||   483
       Kick              |       |       |    73 |    65 ||   138
       Dire flail        |       |       |    83 |   181 ||   264
  Use: Scroll            |     8 |     7 |     7 |     5 ||    27
       Potion            |       |       |     3 |       ||     3
 Stab: Sleeping          |     5 |       |       |       ||     5
Armor: Leather armour    |    27 |    26 |    46 |    47 ||   146
Dodge: Dodged            |    72 |    65 |   166 |   151 ||   454
